 Dungeon Sprint DCSS version 0.27.1-1-g398f81649c (webtiles) character file.

Game seed: 4751077252741224079

184 styxcanada the Covert (level 5, -3/42 HPs)
             Began as a Spriggan Brigand on Sept 7, 2021.
             Was an Initiate of Gozag.
             Slain by a fire bat (7 damage)
             ... in the Dungeon (Sprint VII: "The Pits").
             The game lasted 00:02:55 (341 turns).

styxcanada the Covert (Spriggan Brigand)             Turns: 341, Time: 00:02:57

Health: -3/42      AC:  3    Str:  7    XL:     5   Next: 36%
Magic:  6/6        EV: 19    Int: 13    God:    Gozag
Gold:   504        SH:  0    Dex: 17    Spells: 4/4 levels left

rFire    . . .     SeeInvis +   n - +2 dagger (venom)
rCold    . . .     Faith    .   (shield restricted)
rNeg     . . .     Spirit   .   b - +0 robe
rPois    .         Reflect  .   (helmet restricted)
rElec    .         Harm     .   c - +0 cloak
rCorr    .         Rampage  .   (gloves unavailable)
Will     .....     NoTele   +   (boots unavailable)
Stlth    ..........             (no amulet)
HPRegen  0.14/turn              (no ring)
MPRegen  0.10/turn              (no ring)

@: berserking, gold aura, very slightly contaminated, invisible, very quick
A: very small, no large weapons, unfitting armour, see invisible, speed 3
a: Renounce Religion, Potion Petition, Call Merchant, Bribe Branch


You were in the Dungeon.
You worshipped Gozag.
Gozag was pleased with you.
You visited 1 branch You collected 504 gold pieces.

Inventory:

Hand Weapons
 a - a +2 dagger
 n - a +2 dagger of venom (weapon)
 o - a +0 long sword of flaming
 p - a +1 flail of protection
Missiles
 d - 7 poisoned darts (quivered)
 e - 2 curare-tipped darts
 m - 10 stones
Armour
 b - a +0 robe (worn)
 c - a +0 cloak (worn)
Scrolls
 k - a scroll of blinking
Potions
 f - 6 potions of curing
 g - 6 potions of heal wounds
 h - a potion of haste
 i - 4 potions of magic
 j - 2 potions of berserk rage
 l - a potion of invisibility


   Skills:
 * Level 3.4 Fighting
 + Level 3.5 Short Blades
 + Level 3.3 Throwing
 * Level 4.9 Dodging
 * Level 14.2 Stealth


You had 4 spell levels left.
You didn't know any spells.
Your spell library was empty.

Dungeon Overview and Level Annotations

Branches:
Dungeon (1/1)

Altars:
Ashenzari
Cheibriados
Dithmenos
Elyvilon
Fedhas
Gozag
Hepliaklqana
Kikubaaqudgha
Makhleb
Nemelex Xobeh
Okawaru
Qazlal
Ru
Sif Muna
Trog
Uskayaw
Vehumet
Wu Jian
Xom
Yredelemnul
Zin
The Shining One
Beogh
Jiyva
Lugonu

Annotations:
D Blork the orc


Innate Abilities, Weirdness & Mutations

You are very small and have problems with some larger weapons.
You are too small for most types of armour.
You have supernaturally acute eyesight. (SInv)
You cover ground extremely quickly. (Speed+++)


Message History

You hit the orc.
The orc is poisoned.
The orc is severely wounded.
The orc wizard shouts!
The fire bat closely misses you.
Unknown command.
You kill the orc!
There is an open door here.
You hit the fire bat.
The fire bat is poisoned.
The fire bat is lightly wounded.
The fire bat misses you. The fire bat completely misses you.
You hit the fire bat but do no damage.
The fire bat looks even sicker.
The fire bat is lightly wounded.
The fire bat bites you but does no damage.
The fire bat misses you.
You closely miss the fire bat.
The fire bat is lightly wounded.
The fire bat bites you.
You are engulfed in flames!
The fire bat bites you.
You are engulfed in flames.
* * * LOW HITPOINT WARNING * * *
You barely miss the fire bat.
The fire bat is lightly wounded.
Blork the orc shouts!
The fire bat misses you.
The orc wizard is distracted by your dazzling golden aura.
A red film seems to cover your vision as you go berserk!
You feel yourself moving faster!
You feel mighty!
Blork the orc shouts!
The orc warrior shouts!
The orc wizard shouts!
The orc wizard is no longer distracted by gold.
The fire bat misses you.
The fire bat bites you but does no damage.
The orc priest is distracted by your dazzling golden aura.
The orc priest shouts!
You hit the fire bat.
The fire bat looks as sick as possible!
The fire bat is moderately wounded.
The orc warrior shouts!
You hear a shout! x2
The fire bat bites you.
* * * LOW HITPOINT WARNING * * *
You are engulfed in flames!
You die...
Your body crumbles into a pile of gold.

#...........'.....
#'#####'#####.....
#.#..#..#..##.....
#.#..'..'..#####'#
#.##'####'###.....
#.#........##.....
#.#....)...##.....
#.#####'#####...<.
#@#..[.....##.....
#b#..[)))..##.....
#o###########.....
#oo..o..# ######
#oo.bo..#
#...#...# #.o##
..# #... .# #....
#


You could see Blork the orc, an orc warrior (wandering), a fire bat (extremely
poisoned), 2 orc priests, an orc wizard and an orc.

Vanquished Creatures
  A floating eye (D)
  A scorpion (D)
  A river rat (D)
  2 orcs (D)
  A hobgoblin (D)
  2 quokkas (D)
  A bat (D)
  A frilled lizard (D)
  A rat (D)
11 creatures vanquished.

Notes
Turn   | Place    | Note
-------+----------+-------------------------------------------
     0 | D        | styxcanada the Spriggan Brigand began the quest for the
                  | Orb.
     0 | D        | Reached XP level 1. HP: 10/10 MP: 2/2
    12 | D        | Reached skill level 6 in Stealth
    14 | D        | Found a bloodstained altar of Trog.
    14 | D        | Found a shimmering blue altar of Sif Muna.
    14 | D        | Found a viscous altar of Jiyva.
    14 | D        | Found a hazy altar of Hepliaklqana.
    14 | D        | Found an opulent altar of Gozag.
    15 | D        | Found a glowing golden altar of the Shining One.
    15 | D        | Found a glowing silver altar of Zin.
    15 | D        | Found a basalt altar of Yredelemnul.
    15 | D        | Found a shimmering altar of Xom.
    15 | D        | Found an ornate altar of the Wu Jian Council.
    15 | D        | Found a sacrificial altar of Ru.
    15 | D        | Found a stormy altar of Qazlal.
    15 | D        | Found an iron altar of Okawaru.
    15 | D        | Found a sparkling altar of Nemelex Xobeh.
    15 | D        | Found a burning altar of Makhleb.
    15 | D        | Found a blossoming altar of Fedhas.
    15 | D        | Found a white marble altar of Elyvilon.
    15 | D        | Found a shadowy altar of Dithmenos.
    15 | D        | Found a snail-covered altar of Cheibriados.
    16 | D        | Found a radiant altar of Vehumet.
    16 | D        | Found a corrupted altar of Lugonu.
    17 | D        | Found an ancient bone altar of Kikubaaqudgha.
    17 | D        | Found a hide-covered altar of Uskayaw.
    17 | D        | Found a broken altar of Ashenzari.
    19 | D        | Became a worshipper of Gozag Ym Sagoz the Greedy
    43 | D        | Noticed a scorpion
    64 | D        | Killed a scorpion
    65 | D        | Reached skill level 11 in Stealth
    65 | D        | Reached XP level 2. HP: 16/16 MP: 3/3
    65 | D        | Reached XP level 3. HP: 19/19 MP: 4/4
    88 | D        | Reached XP level 4. HP: 23/23 MP: 5/5
    94 | D        | Noticed a floating eye
   103 | D        | Paralysed by a floating eye for 2 turns
   115 | D        | Paralysed by a floating eye for 3 turns
   122 | D        | Paralysed by a floating eye for 4 turns
   129 | D        | Paralysed by a floating eye for 2 turns
   134 | D        | Killed a floating eye
   135 | D        | Reached skill level 14 in Stealth
   135 | D        | Reached XP level 5. HP: 16/28 MP: 6/6
   327 | D        | Noticed a fire bat
   327 | D        | Noticed an orc warrior
   329 | D        | Noticed Blork the orc
   341 | D        | Slain by a fire bat

Illustrated notes

Levels and vault maps discovered:
D:        pitsprint [storerooms_1, entrance_room_1, metal_vault_7, armoury_1,
          mini_pit_1, grid_room_1, main_hall_1, silver_pit, the_coven_1,
          the_vestibule_1, steel_vault_2, golden_pit, hallway_of_sentries,
          crystal_vault_2, iron_vault_2, final_vault]

Skill      XL: |  1  2  3  4 |
---------------+-------------+-----
Stealth        | 11 14 | 14.2
Fighting       | 2 3 |  3.4
Dodging        | 3 4 |  4.9
Short Blades   | 3 |  3.5
Throwing       | 3 |  3.3

Action                   |  1- 3 |  4- 6 || total
-------------------------+-------+-------++-------
Melee: Dagger            |     4 |    21 ||    25
Throw: Dart              |     3 |     8 ||    11
  Use: Potion            |       |     2 ||     2
 Stab: Sleeping          |     3 |     3 ||     6
Armor: Robe              |       |     4 ||     4
Dodge: Dodged            |     1 |    13 ||    14
